Map: Year Zero LE

Players

TiPtOP

  • Race: Terran Terran
  • League: Silver
  • Spawn Location: 11:00

ForeverAlone - Winner!

  • Race: Terran Terran
  • League: Silver
  • Spawn Location: 1:00

VOD

Have the link to the VOD?

Description

Time

  • Played on: May 11, 2019, 11:50 p.m.
  • Length: 6:53
Show
View Real Time Build Order
Export as new Build Order

TiPtOP Terran 

Build Orders:  

Get SALT Encoding   

  12  0:02  SCV  
  13  0:14  SCV  
  14  0:21  Supply Depot  
  14  0:26  SCV  
  15  0:43  SCV  
  15  0:46  Barracks  
  16  0:55  SCV  
  17  1:08  SCV  
  17  1:11  Refinery  
  18  1:20  SCV  
  19  1:34  Barracks  
  19  1:37  Orbital Command  
  19  2:00  Marine  
  20  2:07  SCV  
  20  2:19  Barracks Reactor  
  20  2:30  Supply Depot  
  20  2:33  SCV  
  21  2:46  Barracks Tech Lab  
  21  2:50  Command Center  
  21  2:57  SCV  
  22  3:11  Barracks  
  22  3:13  SCV  
  22  3:15  Marine x2  
  22  3:19  Marine  
  26  3:21  Stimpack  
  26  3:25  SCV  
  27  3:42  Refinery  
  27  3:43  SCV  
  28  3:51  Marine x3  
  31  3:59  Factory  
  31  4:01  SCV  
  32  4:08  SCV, Supply Depot  
  32  4:09  Marine, Supply Depot  
  34  4:13  SCV  
  35  4:20  SCV  
  35  4:21  Barracks Reactor  
  36  4:31  SCV  
  37  4:35  SCV  
  38  4:40  Supply Depot  
  38  4:43  Supply Depot  
  38  4:45  SCV  
  38  4:47  SCV  
  38  4:49  Factory Reactor  
  40  4:54  Marine x2  
  40  4:55  Marine, Starport  
  40  4:58  SCV  
  44  5:04  Engineering Bay  
  44  5:08  SCV  
  44  5:09  Marine x2  
  44  5:10  SCV  
  44  5:12  Marine x3  
  51  5:26  Supply Depot  
  52  5:28  SCV  
  40  5:37  Marine x5  
  35  5:54  Medivac  
  35  5:55  Marine x5, Medivac  
  38  6:10  Bunker  
  35  6:13  Marine x4  
  32  6:26  Marine  
  32  6:30  Marine  
  31  6:34  Marine x2  
  26  6:46  Factory Tech Lab  
Show
View Real Time Build Order
Export as new Build Order

ForeverAlone Terran - Winner!

Build Orders:  

Get SALT Encoding   

  12  0:16  Supply Depot  
  12  0:21  SCV  
  13  0:33  SCV  
  14  0:41  Barracks  
  14  1:00  SCV, Supply Depot  
  15  1:12  SCV, Barracks  
  16  1:24  SCV  
  17  1:32  Barracks  
  17  1:39  Barracks  
  17  1:42  Marine  
  18  2:00  Marine  
  19  2:10  Supply Depot  
  19  2:14  Marine  
  20  2:18  Marine  
  21  2:23  Refinery  
  21  2:30  Refinery  
  21  2:32  Marine  
  21  2:35  Marine  
  21  2:36  SCV  
  24  2:49  Supply Depot  
  24  2:50  SCV, Marine  
  26  2:53  Marine x2  
  26  2:54  Marine  
  29  3:08  Marine  
  29  3:11  Marine x3  
  33  3:19  Supply Depot  
  33  3:20  SCV  
  34  3:29  Marine x2  
  37  3:35  Barracks Reactor  
  37  3:39  Barracks Reactor  
  36  3:46  Marine  
  36  3:47  Marine  
  38  3:52  Supply Depot  
  38  4:04  Marine  
  38  4:05  Barracks Reactor  
  39  4:12  Marine x2  
  39  4:16  Marine x2  
  43  4:17  Supply Depot  
  43  4:30  Barracks Reactor  
  43  4:34  Marine x2  
  45  4:53  Marine x3  
  45  4:54  Marine x3  
  51  5:11  Marine x4  
  51  5:12  Marine x2  
  57  5:29  Marine  
  54  5:53  Marine x5  
  54  5:54  Marine x3  
  60  6:10  Marine  
  60  6:11  Marine x5  
  57  6:12  Marine x2  
Tags
 
Add a new tag
Caveats
  • Supply blocks, unpowered buildings, or Contaminate may cause inaccurate times.
  • Supply counts are checked every 10 seconds.